 Dungeon Crawl Stone Soup version 0.17-a0-1522-g6c5b4ba (webtiles) character file.

17906 timruff the Carver (level 12, 0/168 HPs)
             Began as a Minotaur Berserker on July 14, 2015.
             Was a High Priest of Trog.
             Succumbed to a manticore's barbed spikes
             ... on level 14 of the Dungeon.
             The game lasted 00:52:05 (11885 turns).

timruff the Carver (Minotaur Berserker)            Turns: 11885, Time: 00:52:05

Health: 0/168      AC: 20    Str: 34    XL:     12   Next: 23%
Magic:  23/23      EV: 10    Int:  4    God:    Trog [*****.]
Gold:   720        SH:  0    Dex:  7    Spells: 0 memorised, 11 levels left

rFire  + . .     SeeInvis .     x - +7 great sword "Neosut" {speed, rElec rC+ Dex-4}
rCold  . . .     Clarity  .     s - +2 plate armour
rNeg   . . .     SustAt   .     (no shield)
rPois  .         Gourm    .     Q - +0 hat
rElec  +         Spirit   .     I - +2 cloak
rCorr  .         Warding  .     K - +0 pair of gloves
rMut   .         Stasis   .     y - +0 pair of boots
MR     ++...                    t - amulet of faith
Stlth  ..........               (no ring)
                                f - ring of the Original Sin {Fire *Corrode rElec MP+9 Str+3}

@: berserking (expiring), manticore barbs, corroded equipment, regenerating,
very quick, very resistant to hostile enchantments, extremely unstealthy
A: retaliatory headbutt, horns 2
a: Burn Spellbooks, Berserk, Trog's Hand, Brothers in Arms, Renounce Religion


You were on level 14 of the Dungeon.
You worshipped Trog.
Trog was extremely pleased with you.
You were hungry.

You visited 1 branch of the dungeon, and saw 14 of its levels.

You collected 720 gold pieces.

Inventory:

Hand weapons
 a - a +0 falchion
 v - a +1 falchion of holy wrath
 x - the +7 great sword "Neosut" (weapon) {speed, rElec rC+ Dex-4}
   (You found it on level 9 of the Dungeon)

   Attacks with this weapon are significantly faster.
   It affects your dexterity (-4).
   It protects you from cold.
   It insulates you from electricity.
 F - a +6 great sword of holy wrath
 R - a +4 great sword of holy wrath
 T - a +3 triple sword of slicing
Armour
 b - a cursed +0 buckler
 s - a +2 plate armour (worn)
 y - a +0 pair of boots (worn)
 I - a +2 cloak (worn)
 K - a +0 pair of gloves (worn)
 Q - a +0 hat (worn)
Jewellery
 f - the ring of the Original Sin (left hand) {Fire *Corrode rElec MP+9 Str+3}
   (You found it on level 12 of the Dungeon)

   [ring of fire]

   It enhances your fire magic, and weakens your ice magic.
   It affects your strength (+3).
   It protects you from fire.
   It makes you vulnerable to cold.
   It insulates you from electricity.
   It affects your magic capacity (+9).
   It may corrode your equipment when you take damage.
 t - an amulet of faith (around neck)
 z - an uncursed amulet of stasis
Magical devices
 d - a wand of paralysis (0)
 l - a wand of frost (11)
 m - a wand of flame (0)
 B - a wand of polymorph (17)
 J - a wand of fireball (0)
 L - a wand of confusion (1)
 P - a wand of digging (12)
 S - a wand of enslavement (11)
 V - a wand of lightning (9)
 Y - a wand of random effects (7)
 Z - a wand of paralysis (10)
Scrolls
 e - 3 scrolls of identify
 j - 2 scrolls of amnesia
 n - 3 scrolls of random uselessness
 p - a scroll of enchant weapon {unknown}
 q - 4 scrolls of teleportation
 u - 2 scrolls of fog
 w - 2 scrolls of magic mapping {unknown}
 A - a scroll of noise
 D - 2 scrolls of recharging
 E - a scroll of torment {unknown}
 M - 4 scrolls of remove curse
 N - a scroll of blinking {unknown}
 U - a scroll of holy word {unknown}
Potions
 g - a potion of brilliance {unknown}
 i - a potion of resistance {unknown}
 o - a potion of haste
 r - a potion of might
 C - a potion of degeneration
 G - a potion of agility
 O - a potion of heal wounds
 W - 2 potions of flight {unknown}
 X - 4 potions of curing
Comestibles
 c - 14 bread rations
 k - 9 meat rations
 H - 11 slices of pizza


   Skills:
 + Level 12.0 Fighting
 + Level 14.4 Long Blades
 + Level 13.0 Armour
 + Level 4.5 Dodging
 + Level 2.2 Stealth
 + Level 4.2 Evocations


You had 11 spell levels left.
You didn't know any spells.

Dungeon Overview and Level Annotations

Branches:
Dungeon (14/15)            Temple (0/1) D:5            Lair (0/8) D:9
    Orc (0/4) D:12
 Vaults: D:13-14

Altars:
Dithmenos
Elyvilon
Yredelemnul
Zin
Beogh


Innate Abilities, Weirdness & Mutations

You reflexively headbutt those who attack you in melee.
You have a pair of horns on your head.


Message History

Trog accepts your kill.
Unknown command.
You hit the centaur.
The centaur is lightly wounded.
The centaur hits you but does no damage.
You closely miss the centaur. You headbutt the centaur!
The centaur is severely wounded.
You closely miss the centaur.
The centaur is severely wounded.
The centaur hits you but does no damage.
Unknown command.
You slice the centaur!!
You kill the centaur!
Trog accepts your kill.
The manticore flicks its tail.
The volley of spikes hits you!
The barbed spikes become lodged in your body.
* * * LOW HITPOINT WARNING * * *
The barbed spikes dig painfully into your body as you move.
You die...

#..# # #..# # #.#
###..##. ..#.......
#.##...#
###.###H.....######
...(...@##.........
#.#.../))((<#
...###.)##.## #
#..##.# #..##.#
#...... #####..
.... ....


You could see a manticore.

Vanquished Creatures
  Snorg (D:13)
  Erolcha (D:9)
  2 hydras
  An unseen horror (D:13)
  3 hill giants
  3 cyclopes
  Psyche (D:8)
  2 centaur skeletons
  5 trolls
  A troll (shapeshifter) (D:13)
  Grinder (D:3)
  4 slime creatures (D:12)
  A two-headed ogre (D:12)
  A trapdoor spider (D:12)
  2 wraiths (D:11)
  A yak (D:7)
  The ghost of Alipheese the Poker, an average NaFi (D:6)
  A hippogriff (D:9)
  3 hungry ghosts
  A human (D:7)
  Duvessa (D:7)
  2 black bears
  8 ogres
  5 orc warriors
  2 ice beasts
  5 sky beasts
  A phantom (D:11)
  9 centaurs
  A necrophage (D:6)
  A crocodile (D:10)
  9 giant frogs
  Dowan (D:7)
  A scorpion (D:9)
  21 killer bees
  12 wights
  3 centaur zombies
  5 crimson imps
  7 hounds
  6 jellies
  5 orc priests
  3 giant frog skeletons
  11 orc wizards
  A giant frog zombie (D:10)
  8 worker ants
  A gnoll shaman (D:5)
  5 iguanas
  3 sheep (D:7)
  A hound skeleton (D:5)
  A worker ant zombie (D:10)
  A mummy (D:7)
  13 gnolls
  12 adders
  3 shadow imps
  An ooze (D:4)
  An adder zombie (D:8)
  5 worms
  3 giant geckos
  70 orcs
  10 bats
  A bat skeleton (D:4)
  5 giant cockroaches
  12 goblins
  14 hobgoblins
  8 jackals
  14 kobolds
  4 quokkas
  A ball python (D:5)
  A giant gecko skeleton (D:4)
  6 giant newts
  A goblin zombie (D:7)
  A jackal zombie (D:8)
  An orc zombie (D:7)
  12 rats
  A fungus (D:9)
376 creatures vanquished.

Notes
Turn   | Place    | Note
--------------------------------------------------------------
     0 | D:1      | timruff the Minotaur Berserker began the quest for the Orb.
     0 | D:1      | Reached XP level 1. HP: 19/19 MP: 0/0
   314 | D:1      | Reached skill level 4 in Fighting
   453 | D:1      | Reached XP level 2. HP: 27/27 MP: 1/1
  1038 | D:2      | Acquired Trog's second power
  1050 | D:2      | Reached XP level 3. HP: 19/34 MP: 2/2
  1202 | D:2      | Reached XP level 4. HP: 30/41 MP: 3/3
  1536 | D:3      | Reached XP level 5. HP: 24/47 MP: 4/4
  1727 | D:3      | Reached skill level 5 in Fighting
  1727 | D:3      | Reached skill level 5 in Long Blades
  1835 | D:3      | Found a basalt altar of Yredelemnul.
  2155 | D:3      | Noticed Grinder
  2171 | D:3      | Killed Grinder
  2171 | D:3      | Reached XP level 6. HP: 46/56 MP: 5/5
  2342 | D:3      | Found a white marble altar of Elyvilon.
  2419 | D:3      | Reached skill level 5 in Armour
  2675 | D:4      | Reached skill level 6 in Fighting
  2675 | D:4      | Reached XP level 7. HP: 43/63 MP: 6/6
  2982 | D:4      | Acquired Trog's third power
  3479 | D:5      | Entered Level 5 of the Dungeon
  3709 | D:5      | Found a staircase to the Ecumenical Temple.
  3760 | D:5      | Reached skill level 7 in Long Blades
  4025 | D:5      | Reached XP level 8. HP: 55/71 MP: 7/7
  4850 | D:6      | Noticed Alipheese's ghost (average NaFi)
  4856 | D:6      | Killed Alipheese's ghost
  5017 | D:7      | Reached skill level 8 in Long Blades
  5443 | D:7      | Reached XP level 9. HP: 66/81 MP: 8/8
  5513 | D:7      | Reached skill level 9 in Armour
  5513 | D:7      | Reached skill level 1 in Stealth
  6069 | D:7      | Reached skill level 10 in Armour
  6255 | D:7      | Noticed Duvessa
  6255 | D:7      | Noticed Dowan
  6262 | D:7      | Killed Duvessa
  6265 | D:7      | Killed Dowan
  6461 | D:7      | Received a gift from Trog
  6469 | D:7      | Reached skill level 10 in Long Blades
  6549 | D:8      | Noticed Psyche
  6554 | D:8      | Killed Psyche
  6785 | D:8      | Reached XP level 10. HP: 91/91 MP: 9/9
  7480 | D:9      | Reached skill level 11 in Armour
  7499 | D:9      | Noticed Erolcha
  7508 | D:9      | Killed Erolcha
  7508 | D:9      | Received a gift from Trog
  7649 | D:9      | Reached skill level 10 in Fighting
  7676 | D:9      | Found a shadowy altar of Dithmenos.
  7817 | D:9      | Found a staircase to the Lair.
  7948 | D:9      | Got a slimy great sword
  7950 | D:9      | Identified the +7 great sword "Neosut" {speed, rElec rC+ Dex-4} (You found it on level 9 of the Dungeon)
  8054 | D:10     | Entered Level 10 of the Dungeon
  8102 | D:10     | Reached skill level 1 in Evocations
  8367 | D:10     | Received a gift from Trog
  8608 | D:10     | Reached skill level 12 in Long Blades
  8634 | D:10     | Found a glowing silver altar of Zin.
  9031 | D:10     | Reached XP level 11. HP: 101/101 MP: 11/11
  9182 | D:11     | Noticed a hill giant
  9186 | D:11     | Killed a hill giant
  9920 | D:12     | Reached skill level 13 in Long Blades
 10009 | D:12     | Found a staircase to the Orcish Mines.
 10021 | D:12     | Found a roughly hewn altar of Beogh.
 10035 | D:12     | Received a gift from Trog
 10240 | D:12     | Noticed an eight-headed hydra
 10257 | D:12     | Killed a nine-headed hydra
 10273 | D:12     | Got a scorched iron ring
 10279 | D:12     | Identified the ring of the Original Sin {Fire *Corrode rElec MP+9 Str+3} (You found it on level 12 of the Dungeon)
 10983 | D:13     | Killed an unseen horror
 11075 | D:13     | Noticed Snorg
 11090 | D:13     | Killed Snorg
 11564 | D:13     | Reached skill level 14 in Long Blades
 11564 | D:13     | Reached XP level 12. HP: 111/111 MP: 14/14
 11646 | D:13     | Noticed a hill giant
 11661 | D:13     | Killed a hill giant
 11864 | D:14     | Noticed an eight-headed hydra
 11879 | D:14     | Killed a 16-headed hydra
 11884 | D:14     | HP: 5/168 [manticore/volley of spikes (24)]
 11885 | D:14     | Succumbed to a manticore's barbed spikes

Vault maps used:
D:1:      eino_arrival_tree_alley, serial_bayou_lagoon_a
D:3:      overflow_temple_1_default, kennysheep_flooded_box,
          minmay_misc_feat_encased, yredelemnul_altar_generic, uniq_grinder
D:4:      first_bread
D:5:      temple_pool_b, serial_glass, glass_columns_c, glass_columns_c
D:7:      nicolae_ossuary_entry_giza, grunt_livestock, uniq_duvessa
D:8:      uniq_psyche
D:9:      dpeg_oklobed_lair, nicolae_dithmenos_through_a_glass_darkly,
          uniq_erolcha
D:10:     basic_altar, hex_large, kennysheep_generic_room_5
D:11:     serial_park_tiny_2, lightli_orcish_oven
D:12:     minmay_orc_entry_temple_small, spider_trap
D:13:     uniq_snorg
D:14:     david_vaults_2, uniq_roxanne

Action                   |  1- 3 |  4- 6 |  7- 9 | 10-12 || total
-------------------------+-------+-------+-------+-------++-------
Melee: Falchion          |    95 |   141 |   377 |       ||   613
       Great sword       |       |       |    31 |   472 ||   503
Invok: Trog's Hand       |     1 |     1 |     4 |     4 ||    10
       Berserk           |       |     1 |     6 |     5 ||    12
       Burn Spellbooks   |       |       |     1 |     2 ||     3
       Brothers in Arms  |       |       |       |     3 ||     3
Evoke: Wand              |       |       |       |    62 ||    62
  Use: Potion            |       |     1 |     1 |     3 ||     5
       Scroll            |       |     6 |     5 |    13 ||    24
 Stab: Paralysed         |       |       |       |     4 ||     4
       Confused          |       |       |       |     3 ||     3
  Eat: Chunk             |     1 |     6 |    18 |    14 ||    39
       Fruit             |       |       |     2 |     2 ||     4
       Pizza             |       |       |     1 |       ||     1
       Beef jerky        |       |       |       |     4 ||     4
